 Dungeon Crawl Stone Soup version 0.28.0-53-g5a82cb258f (webtiles) character file.

Game seed: 12534705088123538647

8 Jerry the Firebug (level 1, 0/14 HPs)
             Began as a Demigod Fire Elementalist on June 30, 2022.
             Succumbed to a kobold's poison
             ... on level 1 of the Dungeon.
             The game lasted 00:03:18 (865 turns).

Jerry the Firebug (Demigod Fire Elementalist)        Turns: 865, Time: 00:03:19

Health: 0/14       AC:  2    Str:  9    XL:     1   Next: 80%
Magic:  3/5        EV: 12    Int: 17    God:
Gold:   13         SH:  0    Dex: 14    Spells: 2/3 levels left

rFire   . . .      SeeInvis .   (no weapon)
rCold   . . .      Faith    .   (no shield)
rNeg    . . .      Spirit   .   a - +0 robe
rPois   .          Reflect  .   (no helmet)
rElec   .          Harm     .   (no cloak)
rCorr   .          Rampage  .   (no gloves)
Will    .....                   (no boots)
Stlth   ++........              (no amulet)
HPRegen 0.04/turn               (no ring)
MPRegen 0.09/turn               (no ring)

@: lethally poisoned (0 -> -24)
A: high MP 1, forlorn, divine attributes
a: no special abilities


You were on level 1 of the Dungeon.
You visited 1 branch of the dungeon, and saw 1 of its levels.

You collected 13 gold pieces.

Inventory:

Armour
 a - a +0 robe (worn)


   Skills:
 + Level 1.9 Dodging
 + Level 2.0 Stealth
 + Level 1.9 Spellcasting
 + Level 1.1 Conjurations
 + Level 2.8 Fire Magic


You had 2 spell levels left.
You knew the following spells:

 Your Spells              Type           Power      Damage    Failure   Level
a - Foxfire               Conj/Fire      32%        2x1d5     9%          1

Your spell library contained the following spells:

 Spells                   Type           Power      Damage    Failure   Level
 Scorch                   Fire           22%        2d6       10%         2
 Conjure Flame            Conj/Fire      8%         6-21      26%         3
 Inner Flame              Hex/Fire       6%         N/A       32%         3
 Flame Wave               Conj/Fire      8%         2d5       65%         4


Dungeon Overview and Level Annotations

Branches:
Dungeon (1/15)


Innate Abilities, Weirdness & Mutations

You have an increased reservoir of magic. (+10% MP)
You shall have no god before yourself.
Your divine heritage dramatically boosts your attributes as you level up.


Message History

You start resting.
A spectral goblin comes into view.
A spectral goblin is nearby!
A spectral goblin is nearby!
Unknown command.
You conjure some foxfire!
The foxfire hits the spectral goblin.
The spectral goblin is moderately damaged.
You conjure some foxfire!
The foxfire hits the spectral goblin.
The spectral goblin is heavily damaged.
You conjure some foxfire!
The foxfire hits the spectral goblin.
The spectral goblin is severely damaged.
The foxfire hits the spectral goblin.
You destroy the spectral goblin!
Your Stealth skill increases to level 2!
You start resting.
Your foxfire dissipates! x2
You start resting.
A jackal comes into view.
You start resting.
Magic restored.
You start resting.
HP restored.
Found 2 red potions.
The kobold shouts!
You conjure some foxfire!
You hit the kobold but do no damage.
The foxfire hits the kobold but does no damage.
The foxfire hits the kobold.
The kobold is moderately wounded.
The kobold closely misses you.
You barely miss the kobold.
The kobold is moderately wounded.
The kobold hits you with a +2 short sword of venom.
You are poisoned.
You conjure some foxfire!
You feel very sick.
The kobold hits you with a +2 short sword of venom.
You are more poisoned.
A jackal comes into view.
You die...

....h.. .........
#.......# #.......#
#.......### #. ####
#...........# #. .
...##.......###.## #.
!...##v#@..#..#..##..###.
...(..v........#...#..##.
....##.K####.............
. #.## ##.#...#..#... #.
###.#...##.#... ..
#........#...#. ###
.#...........###
#.........##.....
###..............


You could see a jackal (asleep) and a kobold (ally target).

Vanquished Creatures
  An endoplasm (D:1)
  A hobgoblin (D:1)
  2 jackals (D:1)
  A quokka (D:1)
  A ball python (D:1)
  A spectral goblin (D:1)
7 creatures vanquished.

Vanquished Creatures (others)
  28 foxfires (D:1)
28 creatures vanquished.

Grand Total: 35 creatures vanquished

Notes
Turn   | Place    | Note
-------+----------+-------------------------------------------
     0 | D:1      | Jerry the Demigod Fire Elementalist began the quest for the
                  | Orb.
     0 | D:1      | Reached XP level 1. HP: 14/14 MP: 5/5
   242 | D:1      | Reached skill level 1 in Conjurations
   865 | D:1      | Succumbed to a kobold's poison

Illustrated notes

Levels and vault maps discovered:
D:1:      matt_arrival_spirals, layout_rooms,
          dreamdust_ecumenical_altar_drowned_temple

Skill      XL: |  1 |
---------------+----+-----
Conjurations   | 1 |  1.1
Stealth        | 2 |  2.0
Dodging        | |  1.9
Spellcasting   | |  1.9
Fire Magic     | |  2.8

Action                   || total
-------------------------++-------
Melee: Unarmed           ||     8
 Cast: Foxfire           ||    17
Armor: Robe              ||     5
Dodge: Dodged            ||    18
